[Event "Titled Tuesday Blitz February 15 Early 2022"]
[White "Namitbir Singh Walia"]
[Black "Blokhin, Sofia"]
[WhiteFideId "35071068"]
[BlackFideId "4508190"]
[WhiteElo "1479"]
[BlackElo "1762"]
[Result "1-0"]
[Round "09"]
[TimeControl "180+1"]
[Date "2022.02.15"]
[WhiteClock "0:00:09"]
[BlackClock "0:00:13"]

1. Nf3 e6 2. g3 f5 3. Bg2 Nf6 4. O-O Be7 5. d3 O-O 6. Nbd2 d5 7. Re1 c5 8. e4 fxe4 9. dxe4 d4 10. Nc4 Nc6 11. a4 Nd7 12. Bf4 Nb6 13. Nxb6 axb6 14. h4 Bf6 15. e5 Be7 16. Ng5 h6 17. Ne4 Nb4 18. Nd6 Bxd6 19. exd6 Rxf4 20. gxf4 Qxd6 21. Re5 Bd7 22. Qe2 Rf8 23. c3 Nc6 24. Bxc6 Bxc6 25. Qg4 Rf6 26. Rd1 d3 27. Kh2 c4 28. Rg1 Qd7 29. f5 Qc7 30. Kh3 Bf3 31. Qg3 Bh5 32. Rxe6 Qd7 33. Rxf6 1-0


[Site "https://www.chess.com"]

[Event "Titled Tuesday Blitz February 15 Early 2022"]
[White "Navara, David"]
[Black "Hess, Robert"]
[WhiteFideId "309095"]
[BlackFideId "2022036"]
[WhiteElo "2686"]
[BlackElo "2557"]
[Result "1-0"]
[Round "09"]
[TimeControl "180+1"]
[Date "2022.02.15"]
[WhiteClock "0:01:20"]
[BlackClock "0:00:07"]

1. e4 g6 2. d4 Bg7 3. Nc3 e6 4. Nf3 Ne7 5. h4 h6 6. Bf4 d6 7. Qd2 a6 8. O-O-O Nd7 9. e5 d5 10. h5 g5 11. Nxg5 hxg5 12. Bxg5 f6 13. h6 fxg5 14. Qxg5 Rxh6 15. Rxh6 Bxh6 16. Qxh6 Nf8 17. Bd3 Kd7 18. Rh1 Nc6 19. Qf4 Nb4 20. Rh8 Nxd3+ 21. cxd3 Kc6 22. Qxf8 Qg5+ 23. f4 Qxg2 24. Qc5+ 1-0


[Site "https://www.chess.com"]

[Event "Titled Tuesday Blitz February 15 Early 2022"]
[White "Nazari, Arad"]
[Black "Demin, Vladimir"]
[WhiteFideId "12577324"]
[BlackFideId "4167457"]
[WhiteElo "2120"]
[BlackElo "2498"]
[Result "0-1"]
[Round "09"]
[TimeControl "180+1"]
[Date "2022.02.15"]
[WhiteClock "0:00:04"]
[BlackClock "0:00:03"]

1. e4 Nf6 2. e5 Nd5 3. d4 d6 4. c4 Nb6 5. f4 dxe5 6. fxe5 Bf5 7. Nc3 e6 8. Be3 Bb4 9. Be2 O-O 10. Nf3 c5 11. dxc5 Bxc3+ 12. bxc3 Qxd1+ 13. Rxd1 Na4 14. Bd4 Na6 15. Kf2 N6xc5 16. Ke3 Rac8 17. h3 b6 18. Rhf1 Ne4 19. Ng1 Naxc3 20. Bxc3 Nxc3 21. Rd4 Nxe2 22. Nxe2 Rc5 23. g4 Rxe5+ 24. Kd2 Bg6 25. Rd7 Ra5 26. Nc3 Rc8 27. Rf4 h5 28. gxh5 Bxh5 29. Rfd4 Bg6 30. Rd8+ Rxd8 31. Rxd8+ Kh7 32. Rd7 f6 33. a4 Bf5 34. h4 Kg6 35. Ke3 Rc5 36. h5+ Kh6 37. Rxa7 Rxc4 38. Nb5 e5 39. Nd6 Rc3+ 40. Ke2 Bg4+ 41. Kd2 Ra3 42. Ne8 Bxh5 43. Nxg7 Bg6 44. Ne6 e4 45. Nf4 Kg5 46. Ne6+ Kf5 47. Nd4+ Ke5 48. Nc2 Ra2 49. Kc3 Kf4 50. Re7 Rxa4 51. Re6 Bf5 52. Rxf6 Ra5 53. Nd4 Rc5+ 54. Kb4 e3 55. Rxb6 Rd5 56. Kc3 Rxd4 57. Kxd4 e2 0-1


[Site "https://www.chess.com"]

[Event "Titled Tuesday Blitz February 15 Early 2022"]
[White "Nesterov, Arseniy"]
[Black "Yang, Kaiqi"]
[WhiteFideId "24198455"]
[BlackFideId "8604398"]
[WhiteElo "2489"]
[BlackElo "2373"]
[Result "1-0"]
[Round "09"]
[TimeControl "180+1"]
[Date "2022.02.15"]
[WhiteClock "0:02:34"]
[BlackClock "0:02:18"]

1. d4 d5 2. c4 e6 3. Nc3 a6 4. cxd5 exd5 5. Nf3 Nf6 6. Bg5 Be6 7. Bxf6 Qxf6 8. Qb3 Ra7 9. g3 Nd7 10. Nxd5 Qd8 11. Qe3 Bb4+ 12. Nxb4 1-0


[Site "https://www.chess.com"]

[Event "Titled Tuesday Blitz February 15 Early 2022"]
[White "Noroozi, Omid"]
[Black "Mohammed, Dilshad"]
[WhiteFideId "12501190"]
[BlackFideId "5050421"]
[WhiteElo "2236"]
[BlackElo "2153"]
[Result "1-0"]
[Round "09"]
[TimeControl "180+1"]
[Date "2022.02.15"]
[WhiteClock "0:00:35"]
[BlackClock "0:00:03"]

1. e4 e5 2. Nf3 Nc6 3. Nc3 Nf6 4. d4 exd4 5. Nxd4 Bb4 6. Nxc6 bxc6 7. Bd3 d5 8. exd5 cxd5 9. O-O O-O 10. h3 h6 11. Qf3 c6 12. Bf4 Bd6 13. Ne2 Rb8 14. b3 Rb4 15. c4 Be6 16. Rad1 Qc7 17. Bxh6 dxc4 18. bxc4 Bxc4 19. Nd4 Bd5 20. Qf5 Bh2+ 21. Kh1 Qe5 22. Nc2 Qxf5 23. Bxf5 Rb2 24. Bxg7 Kxg7 25. Kxh2 a5 26. Rd3 Rh8 27. Rg3+ Kf8 28. Ne3 Bxa2 29. Rc1 Rxf2 30. Rxc6 Ke7 31. Bd3 Be6 32. Ra6 Rd2 33. Ra7+ Kd6 34. Bc4 Rd4 35. Bxe6 fxe6 36. Ra6+ Ke5 37. Rxa5+ Kd6 38. Ra6+ Ke5 39. Nc2 Ng4+ 40. Rxg4 Rxg4 41. Ra5+ Kf6 42. Ne1 Rg5 43. Ra4 Rd5 44. Nf3 Rg8 45. g4 Rb5 46. Kg3 Rb3 47. h4 Ke7 48. g5 Rf8 49. Rf4 Rxf4 50. Kxf4 Rb4+ 51. Kg3 Kd6 52. g6 Ke7 53. h5 Kf6 54. Nh4 Rb5 55. h6 Rg5+ 56. Kh3 Rh5 57. h7 e5 58. Kg4 e4 59. Kxh5 Kg7 60. Nf5+ Kh8 61. Kh6 e3 62. g7# 1-0


[Site "https://www.chess.com"]

[Event "Titled Tuesday Blitz February 15 Early 2022"]
[White "Novikova, Galina"]
[Black "Ardila, Oscar Humberto"]
[WhiteFideId "4157095"]
[BlackFideId "4404742"]
[WhiteElo "1863"]
[BlackElo "1898"]
[Result "0-1"]
[Round "09"]
[TimeControl "180+1"]
[Date "2022.02.15"]
[WhiteClock "0:00:08"]
[BlackClock "0:00:09"]

1. e4 e5 2. Nf3 Nc6 3. d4 exd4 4. Nxd4 Nf6 5. Nxc6 bxc6 6. Qe2 Bb4+ 7. Bd2 Qe7 8. f3 O-O 9. Nc3 d5 10. e5 Nd7 11. f4 Rb8 12. h4 d4 13. Ne4 Bxd2+ 14. Qxd2 Qb4 15. Qxb4 Rxb4 16. O-O-O c5 17. h5 Bb7 18. Ng5 h6 19. Nh3 Bd5 20. b3 a5 21. Nf2 Rb6 22. Rh3 a4 23. g4 axb3 24. cxb3 Ra8 25. Kb2 Rb7 26. g5 Rba7 27. Ra1 Nb6 28. gxh6 gxh6 29. Rg3+ Kf8 30. Bd3 c4 31. Be4 c3+ 32. Kb1 Bxe4+ 33. Nxe4 Nd5 34. Nf6 Nxf4 35. Rg8+ Ke7 36. Rxa8 Rxa8 37. Kc2 Ke6 38. a4 Kxe5 39. Nd7+ Kd6 40. Nf6 Nd5 41. Ne4+ Ke5 42. Nc5 Nb4+ 43. Kd1 Rg8 44. Ke2 Rg2+ 45. Kf3 Rh2 46. a5 Kd5 47. Nd7 d3 48. a6 Nxa6 49. Rxa6 d2 50. Nf6+ Kc5 51. Ra1 Kd4 52. Ne4 Kd3 53. Nc5+ Kc2 54. Ne4 Kxb3 55. Rb1+ Kc4 56. Rd1 Kd3 57. Nf2+ Kc2 58. Ra1 Rxf2+ 59. Kxf2 d1=Q 60. Ra2+ Kd3 61. Kg3 Qe1+ 62. Kf4 Qe4+ 63. Kg3 Qe5+ 64. Kf3 Qd5+ 65. Kg3 Qxa2 66. Kf4 Qf2+ 67. Kg4 c2 68. Kh3 c1=Q 69. Kg4 Qcf4+ 70. Kh3 Q2h2# 0-1


[Site "https://www.chess.com"]

[Event "Titled Tuesday Blitz February 15 Early 2022"]
[White "Omariev, Maksim"]
[Black "Sarkar, Justin"]
[WhiteFideId "4193423"]
[BlackFideId "2010011"]
[WhiteElo "2516"]
[BlackElo "2038"]
[Result "1-0"]
[Round "09"]
[TimeControl "180+1"]
[Date "2022.02.15"]
[WhiteClock "0:00:21"]
[BlackClock "0:00:02"]

1. d4 Nf6 2. Bf4 d5 3. e3 g6 4. c4 Bg7 5. Nc3 O-O 6. Nf3 c5 7. dxc5 Ne4 8. Be5 Bxe5 9. Nxe5 Nxc3 10. bxc3 Qa5 11. Qd4 f6 12. Nf3 Nc6 13. Qxd5+ Kg7 14. Qd2 Rd8 15. Qb2 Qxc5 16. Be2 Rb8 17. Nd4 e5 18. Nb3 Qe7 19. O-O Be6 20. Rfd1 b6 21. Qc2 Qf7 22. c5 Bxb3 23. axb3 bxc5 24. Bc4 Qe7 25. Rxd8 Rxd8 26. Qe2 Rd6 27. h4 Qd8 28. h5 g5 29. Qf3 Ne7 30. Rxa7 Rd1+ 31. Kh2 Rd7 32. Ra6 Qc7 33. Qxf6# 1-0


[Site "https://www.chess.com"]

[Event "Titled Tuesday Blitz February 15 Early 2022"]
[White "Orlov, Georgi"]
[Black "Tasev, Dejan"]
[WhiteFideId "2011271"]
[BlackFideId "936618"]
[WhiteElo "2518"]
[BlackElo "2253"]
[Result "1/2-1/2"]
[Round "09"]
[TimeControl "180+1"]
[Date "2022.02.15"]
[WhiteClock "0:00:07"]
[BlackClock "0:00:19"]

1. d4 Nf6 2. Nf3 e6 3. c4 d5 4. g3 Be7 5. Bg2 O-O 6. Nc3 c6 7. Ne5 Nbd7 8. Nxd7 Qxd7 9. Qd3 b6 10. cxd5 cxd5 11. Bf4 a6 12. Rc1 Bb7 13. O-O Rfc8 14. Rc2 b5 15. Rfc1 b4 16. Nb1 Rxc2 17. Rxc2 Rc8 18. Nd2 Rxc2 19. Qxc2 Qc6 20. Qxc6 Bxc6 21. Nb3 Bb5 22. Kf1 Bc4 23. Nc1 Kf8 24. Ke1 Ke8 25. f3 Kd7 26. Kd2 Ne8 27. b3 Bb5 28. Nd3 Bxd3 29. Kxd3 Bd6 30. Bd2 a5 31. e4 Nc7 32. exd5 exd5 33. Bh3+ Ke7 34. Bc8 g6 35. Bh6 f5 36. Bg5+ Ke8 37. f4 Be7 38. h4 Bxg5 39. fxg5 Ke7 40. g4 fxg4 41. Bxg4 Kd6 42. Ke3 Nb5 43. Be2 Nc3 44. Bd3 Ke6 45. h5 gxh5 46. Bxh7 h4 47. Kf4 Ne2+ 48. Kg4 Nxd4 49. Kxh4 Kf7 50. Kh5 Kg7 51. Bd3 Nc6 52. g6 Ne5 53. Bc2 d4 54. Kg5 d3 55. Bd1 Nc6 56. Kf5 Ne7+ 57. Ke4 Nxg6 58. Kxd3 Kf6 59. Kc4 Ke5 60. Kb5 Kd4 61. Kxa5 Kc3 62. Ka4 Ne5 63. a3 bxa3 64. Kxa3 Nd3 65. b4 Nxb4 1/2-1/2


[Site "https://www.chess.com"]

[Event "Titled Tuesday Blitz February 15 Early 2022"]
[White "Osiecki, Stanislaw"]
[Black "Vargas Pereda, Jesus Manue"]
[WhiteFideId "1102990"]
[BlackFideId "5115710"]
[WhiteElo "2127"]
[BlackElo "1774"]
[Result "1-0"]
[Round "09"]
[TimeControl "180+1"]
[Date "2022.02.15"]
[WhiteClock "0:01:51"]
[BlackClock "0:00:03"]

1. e4 c6 2. d4 d5 3. e5 Bf5 4. Bd3 Bxd3 5. Qxd3 c5 6. c3 e6 7. Ne2 cxd4 8. cxd4 Nc6 9. Nbc3 Nge7 10. O-O a6 11. Rd1 Qb6 12. a3 Nf5 13. Nxd5 Qa5 14. Ne3 Nxe3 15. Bxe3 Rd8 16. Qe4 Be7 17. Qg4 Kf8 18. Rac1 h5 19. Qf3 h4 20. Nf4 Kg8 21. h3 Nb8 22. Qg4 Nd7 23. Nh5 Rh7 24. Bg5 f6 25. Qxe6+ 1-0


[Site "https://www.chess.com"]

[Event "Titled Tuesday Blitz February 15 Early 2022"]
[White "Osmonbekov, Talaibek"]
[Black "Stankovic, Ivan G"]
[WhiteFideId "2017253"]
[BlackFideId "902837"]
[WhiteElo "2135"]
[BlackElo "2195"]
[Result "1-0"]
[Round "09"]
[TimeControl "180+1"]
[Date "2022.02.15"]
[WhiteClock "0:00:04"]
[BlackClock "0:00:06"]

1. d4 d5 2. Nc3 Nf6 3. Bf4 c5 4. e3 a6 5. Nf3 Nc6 6. dxc5 e6 7. Na4 Ne4 8. Nb6 Ra7 9. Bd3 Nxc5 10. Nxc8 Qxc8 11. O-O Be7 12. c4 dxc4 13. Bxc4 b5 14. Be2 Rd7 15. Qe1 O-O 16. Rc1 Qb7 17. Ne5 Nxe5 18. Bxe5 Qd5 19. Bd4 Ne4 20. Bf3 Qf5 21. Qa5 e5 22. Bb6 Nd2 23. Bc6 Nxf1 24. Bxd7 Qxd7 25. Rxf1 Qb7 26. Rd1 h6 27. h3 Rc8 28. Rd2 e4 29. g3 Rc1+ 30. Kg2 Qc6 31. Bd4 Qe6 32. Qb6 Qf5 33. Qb8+ Kh7 34. Qf4 Qe6 35. b3 g5 36. Qg4 f5 37. Qh5 Rc8 38. Bb2 Rf8 39. h4 f4 40. hxg5 f3+ 41. Kh2 Bxg5 42. Rc2 Rf7 43. Rc5 Qg6 44. Qxg6+ Kxg6 45. Rc6+ Kh5 46. Rxa6 Rd7 47. Kh3 Rd1 48. g4# 1-0


[Site "https://www.chess.com"]

[Event "Titled Tuesday Blitz February 15 Early 2022"]
[White "Petrova, Irina"]
[Black "Kraus, Tomas"]
[WhiteFideId "14124122"]
[BlackFideId "331708"]
[WhiteElo "1988"]
[BlackElo "2389"]
[Result "1-0"]
[Round "09"]
[TimeControl "180+1"]
[Date "2022.02.15"]
[WhiteClock "0:01:38"]
[BlackClock "0:01:48"]

1. e4 e6 2. d4 d5 3. Nc3 Bb4 4. Ne2 c5 5. a3 cxd4 6. axb4 dxc3 7. Nxc3 dxe4 8. Qxd8+ Kxd8 9. Nxe4 Nf6 10. Bg5 Ke7 11. Bd3 Nd7 12. O-O h6 13. Be3 a6 14. b5 Nd5 15. Bd2 N7f6 16. Nxf6 g6 17. Nxd5+ 1-0


[Site "https://www.chess.com"]

[Event "Titled Tuesday Blitz February 15 Early 2022"]
[White "Pires, Marcos Vinicius Torsani"]
[Black "Mosutha, Thuso"]
[WhiteFideId "2118939"]
[BlackFideId "11302550"]
[WhiteElo "2273"]
[BlackElo "2028"]
[Result "0-1"]
[Round "09"]
[TimeControl "180+1"]
[Date "2022.02.15"]
[WhiteClock "0:00:52"]
[BlackClock "0:01:05"]

1. e4 e6 2. c4 d5 3. exd5 exd5 4. cxd5 Qxd5 5. Nc3 Qe5+ 6. Be2 Nf6 7. d4 Qa5 8. Nf3 Be7 9. O-O O-O 10. h3 Nc6 11. Bc4 Qh5 12. Ne5 Qxd1 13. Rxd1 Na5 14. Be2 Bd6 15. f4 b6 16. Bf3 Bb7 17. Bxb7 Nxb7 18. Nb5 a6 19. Nxd6 cxd6 20. Nc4 b5 21. Ne3 d5 22. f5 Nd6 23. g4 h6 24. Bd2 Rfe8 25. Re1 Nc4 26. Nxc4 dxc4 27. Bf4 Nd5 28. Bd2 Red8 29. Re5 f6 30. Re6 Kf7 31. Rae1 b4 32. Rc6 Rac8 33. Ree6 a5 34. Kf2 Ne7 35. Rc5 Rxc5 36. dxc5 Rxd2+ 37. Ke3 Rd5 38. c6 Rc5 0-1


[Site "https://www.chess.com"]

[Event "Titled Tuesday Blitz February 15 Early 2022"]
[White "Politov, Pavel Y."]
[Black "Araujo Filho, Luiz Antonio Coel"]
[WhiteFideId "24110515"]
[BlackFideId "2130661"]
[WhiteElo "2090"]
[BlackElo "2192"]
[Result "0-1"]
[Round "09"]
[TimeControl "180+1"]
[Date "2022.02.15"]
[WhiteClock "0:00:01"]
[BlackClock "0:00:25"]

1. e4 c6 2. d4 d5 3. e5 Bf5 4. g4 Bd7 5. Nc3 e6 6. Be3 c5 7. Nge2 Nc6 8. f4 Be7 9. dxc5 Qa5 10. Qd2 Bxc5 11. Nd4 Nge7 12. O-O-O a6 13. Bg2 Bb4 14. Rhf1 Rc8 15. a3 Bxa3 16. bxa3 Qxa3+ 17. Kb1 Nb4 18. Nb3 Ba4 19. Bd4 Nec6 20. Bc5 Bxb3 21. cxb3 Qxb3+ 22. Qb2 Qc4 23. Bf2 O-O 24. Rd2 Nd3 0-1


[Site "https://www.chess.com"]

[Event "Titled Tuesday Blitz February 15 Early 2022"]
[White "Prohorov, Olexandr"]
[Black "Vifleemskaia, Svetlana"]
[WhiteFideId "14105578"]
[BlackFideId "4129490"]
[WhiteElo "1993"]
[BlackElo "1901"]
[Result "0-1"]
[Round "09"]
[TimeControl "180+1"]
[Date "2022.02.15"]
[WhiteClock "0:01:40"]
[BlackClock "0:01:32"]

1. Nf3 Nf6 2. c4 c5 3. Nc3 d5 4. cxd5 Nxd5 5. e4 Nxc3 6. dxc3 Qxd1+ 7. Kxd1 Nc6 8. Bc4 e6 9. Bf4 f6 10. Kc2 e5 11. Be3 Bd7 12. a4 O-O-O 13. Nd2 Bd6 14. Rhd1 Na5 15. Bd5 Bc6 16. Be6+ Bd7 17. f3 Bxe6 0-1


[Site "https://www.chess.com"]

[Event "Titled Tuesday Blitz February 15 Early 2022"]
[White "Rakhimgaliyev, Yerlan"]
[Black "Williams, Simon K"]
[WhiteFideId "13705148"]
[BlackFideId "404454"]
[WhiteElo "2261"]
[BlackElo "2468"]
[Result "0-1"]
[Round "09"]
[TimeControl "180+1"]
[Date "2022.02.15"]
[WhiteClock "0:01:26"]
[BlackClock "0:00:54"]

1. e4 d6 2. d4 Nf6 3. Nc3 Nbd7 4. Bg5 e5 5. dxe5 dxe5 6. Bc4 c6 7. f4 h6 8. Bh4 exf4 9. Nf3 g5 10. Nxg5 hxg5 11. Bxg5 Qa5 12. Bxf4 Ne5 13. Bb3 Bg4 14. Qd4 Nfd7 15. Bxe5 Nxe5 16. Bd5 Bg7 17. Bxf7+ Kxf7 18. O-O+ Kg8 19. Kh1 Qc7 20. h3 Bxh3 21. gxh3 Rxh3+ 22. Kg2 Rh2+ 23. Kxh2 Nf3+ 24. Kg2 Nxd4 0-1


[Site "https://www.chess.com"]

[Event "Titled Tuesday Blitz February 15 Early 2022"]
[White "Ratnakaran, K."]
[Black "Seo, Jung Min"]
[WhiteFideId "5005507"]
[BlackFideId "1734687"]
[WhiteElo "2391"]
[BlackElo "2401"]
[Result "0-1"]
[Round "09"]
[TimeControl "180+1"]
[Date "2022.02.15"]
[WhiteClock "0:00:56"]
[BlackClock "0:00:50"]

1. e4 e5 2. Nf3 Nc6 3. Bb5 a6 4. Ba4 Nf6 5. Qe2 Bc5 6. c3 Qe7 7. O-O O-O 8. Bxc6 dxc6 9. d4 exd4 10. cxd4 Ba7 11. e5 Nd5 12. Nc3 Bf5 13. Bg5 Qd7 14. Rad1 Rfe8 15. Qd2 Nxc3 16. bxc3 Qd5 17. Qf4 Bg6 18. Qg4 Qxa2 19. h4 Qe6 20. Qg3 Bh5 21. Rd3 Qg4 22. Qh2 c5 23. Re1 cxd4 24. Nxd4 c5 25. Rg3 Qd7 26. Bf6 Bg6 27. h5 cxd4 28. hxg6 fxg6 29. Bg5 dxc3 30. Rxc3 Qf5 31. Bf4 Rac8 32. Rf3 Qe6 33. Qh4 Bc5 34. Rh3 h5 35. Rg3 Be7 36. Bg5 Rc4 37. f4 Bxg5 38. Qxg5 Kh7 39. Rd1 Rc6 40. Kh2 Rf8 41. Rh3 Qf5 42. Qxf5 Rxf5 43. Rf3 g5 44. g3 h4 45. Re1 Re6 46. Kh3 hxg3 47. Kxg3 Kg6 48. fxg5 Rfxe5 49. Rxe5 Rxe5 50. Rb3 Rxg5+ 0-1


[Site "https://www.chess.com"]

[Event "Titled Tuesday Blitz February 15 Early 2022"]
[White "Redzisz, Michal"]
[Black "Gontcharov, Vladislav"]
[WhiteFideId "21816107"]
[BlackFideId "4123492"]
[WhiteElo "1961"]
[BlackElo "2503"]
[Result "0-1"]
[Round "09"]
[TimeControl "180+1"]
[Date "2022.02.15"]
[WhiteClock "0:01:26"]
[BlackClock "0:01:25"]

1. f4 Nf6 2. Nf3 c5 3. b3 d5 4. Bb2 Nc6 5. e3 a6 6. Be2 d4 7. O-O Bg4 8. h3 Bxf3 9. Bxf3 Rc8 10. e4 e6 11. d3 Be7 12. Nd2 O-O 13. a4 e5 14. f5 Ne8 15. Qe2 Bg5 16. Kh1 f6 17. Bh5 Nd6 18. Nf3 Be3 19. Bc1 Bxc1 20. Raxc1 b5 21. axb5 axb5 22. g4 c4 23. Rg1 Nb4 24. g5 cxd3 25. cxd3 Rc3 26. gxf6 Qxf6 27. Rxc3 dxc3 28. Ng5 Rc8 29. Ne6 c2 30. Rc1 Qh6 31. Qe1 Qxc1 32. Qxc1 Nxd3 33. Qg5 c1=Q+ 34. Kh2 Qxg5 35. Nf8 0-1


[Site "https://www.chess.com"]

[Event "Titled Tuesday Blitz February 15 Early 2022"]
[White "Sahil, Tickoo"]
[Black "Arngrimsson, Dagur"]
[WhiteFideId "5019710"]
[BlackFideId "2301288"]
[WhiteElo "2099"]
[BlackElo "2286"]
[Result "0-1"]
[Round "09"]
[TimeControl "180+1"]
[Date "2022.02.15"]
[WhiteClock "0:00:02"]
[BlackClock "0:00:31"]

1. d4 d5 2. Bf4 Nf6 3. e3 g6 4. Nf3 Bg7 5. c3 O-O 6. Bd3 b6 7. Nbd2 Bb7 8. O-O Nbd7 9. h3 c5 10. Bh2 Rc8 11. Ne5 Ne4 12. Nxd7 Qxd7 13. Qe2 Rfd8 14. Rfd1 h5 15. Rac1 Qa4 16. a3 cxd4 17. Bb5 d3 18. Qxd3 Nc5 19. Qe2 Qh4 20. Nf3 Qf6 21. Be5 Qe6 22. Bxg7 Kxg7 23. Nd4 Qf6 24. Bd3 e5 25. b4 Nxd3 26. Qxd3 exd4 27. exd4 Re8 28. Re1 Qf5 29. Qg3 Bc6 30. Rxe8 Rxe8 31. Qc7 Qd7 32. Qf4 Qe6 33. Qg3 Qf6 34. Qc7 Re7 35. Qb8 h4 0-1


[Site "https://www.chess.com"]

[Event "Titled Tuesday Blitz February 15 Early 2022"]
[White "Samadov, Read"]
[Black "Dobrov, Vladimir"]
[WhiteFideId "13417444"]
[BlackFideId "4136594"]
[WhiteElo "2084"]
[BlackElo "2614"]
[Result "1-0"]
[Round "09"]
[TimeControl "180+1"]
[Date "2022.02.15"]
[WhiteClock "0:00:05"]
[BlackClock "0:00:01"]

1. d4 Nf6 2. c4 e6 3. Nf3 d5 4. g3 Bb4+ 5. Bd2 Be7 6. Bg2 O-O 7. O-O Nbd7 8. Qc2 c6 9. Rd1 b6 10. Bf4 Nh5 11. Bc1 Ba6 12. b3 f5 13. Nc3 Rc8 14. Bb2 Bd6 15. Na4 Qe7 16. Ne5 Nhf6 17. Nxd7 Qxd7 18. c5 Bc7 19. Bc1 Qe8 20. Bf4 Bxf4 21. gxf4 Rb8 22. Rac1 b5 23. Nb2 b4 24. Ra1 Ne4 25. a3 Qh5 26. Re1 Qh4 27. e3 Rf6 28. f3 Rh6 29. h3 Qg3 30. fxe4 Rxh3 31. Nd3 fxe4 32. Ne5 Rf8 33. axb4 Bb5 34. Qd2 Rf6 35. Rxa7 g5 36. Ra8+ Kg7 37. Ra7+ Kg8 38. Ra8+ Rf8 39. Rxf8+ Kxf8 40. Rf1 Ke7 41. fxg5 Qh2+ 42. Kf2 Qg3+ 43. Kg1 Qh2+ 44. Kf2 Rg3 45. Rg1 Qh4 46. Rh1 Qxg5 47. Rxh7+ Ke8 48. Rh8+ Ke7 49. Rh7+ Ke8 50. Kg1 Rxe3 51. Qf2 Rf3 52. Nxf3 exf3 53. Qxf3 Qc1+ 54. Kh2 1-0


[Site "https://www.chess.com"]

[Event "Titled Tuesday Blitz February 15 Early 2022"]
[White "Samarth, J Rao"]
[Black "Vusatiuk, Vladimir"]
[WhiteFideId "46652370"]
[BlackFideId "14118610"]
[WhiteElo "1514"]
[BlackElo "2157"]
[Result "0-1"]
[Round "09"]
[TimeControl "180+1"]
[Date "2022.02.15"]
[WhiteClock "0:00:01"]
[BlackClock "0:00:07"]

1. c4 b5 2. cxb5 a6 3. bxa6 Bxa6 4. Nc3 g6 5. d4 Bg7 6. g3 Bb7 7. Nf3 c5 8. dxc5 Qa5 9. Qb3 Na6 10. Qxb7 Rb8 11. Qa7 Bxc3+ 12. bxc3 Qxc3+ 13. Kd1 Qxa1 14. Qxa6 Nf6 15. Qc4 O-O 16. e3 d5 17. Qc2 Ne4 18. Bd3 Nxc5 19. Ke2 Rfc8 20. Ba3 Qxh1 21. Bxc5 Qa1 22. Nd2 Rb2 23. Qc3 Rxd2+ 24. Qxd2 Rxc5 25. e4 dxe4 26. Bxe4 Qc3 27. Qd8+ Kg7 28. Bd3 Re5+ 29. Kf3 e6 30. Kg2 Rd5 0-1


[Site "https://www.chess.com"]

[Event "Titled Tuesday Blitz February 15 Early 2022"]
[White "Sargissyan, Sargis"]
[Black "Ovezdurdyyeva, Jemal"]
[WhiteFideId "13303210"]
[BlackFideId "14001888"]
[WhiteElo "2174"]
[BlackElo "1946"]
[Result "1-0"]
[Round "09"]
[TimeControl "180+1"]
[Date "2022.02.15"]
[WhiteClock "0:00:12"]
[BlackClock "0:00:03"]

1. e4 d6 2. d4 Nf6 3. Nc3 g6 4. f4 c6 5. Nf3 b5 6. e5 dxe5 7. fxe5 Nd5 8. Nxd5 Qxd5 9. Bd3 Bg7 10. O-O O-O 11. c3 a6 12. Qe1 Ra7 13. Qh4 c5 14. Bh6 f6 15. Be4 Qd8 16. Bxg7 Kxg7 17. exf6+ exf6 18. dxc5 f5 19. Qxd8 Rxd8 20. Bc2 Nd7 21. b4 Nf6 22. Rad1 Rad7 23. Nd4 Re8 24. c6 Rde7 25. a4 bxa4 26. Bxa4 Ne4 27. Rd3 Rd8 28. Nxf5+ Bxf5 29. Rxd8 Nxc3 30. Rd7 Kf6 31. c7 Re8 32. Rd8 Re2 33. c8=Q 1-0


[Site "https://www.chess.com"]

[Event "Titled Tuesday Blitz February 15 Early 2022"]
[White "Sargsyan, Anna M."]
[Black "Hirneise, Jens"]
[WhiteFideId "13308130"]
[BlackFideId "24614734"]
[WhiteElo "2271"]
[BlackElo "2323"]
[Result "1-0"]
[Round "09"]
[TimeControl "180+1"]
[Date "2022.02.15"]
[WhiteClock "0:01:37"]
[BlackClock "0:00:45"]

1. d4 Nf6 2. c4 c5 3. d5 e6 4. Nc3 exd5 5. cxd5 g6 6. e4 d6 7. f4 Bg7 8. Bb5+ Nfd7 9. a4 O-O 10. Nf3 Na6 11. O-O Nc7 12. Bd3 a6 13. Kh1 Rb8 14. Bc2 b5 15. axb5 Nxb5 16. Nxb5 axb5 17. Rb1 Ra8 18. Be3 Re8 19. Qd2 Qa5 20. Qf2 Nf6 21. Bd2 Qa2 22. Rfe1 Qc4 23. Rbc1 Qa2 24. e5 Nxd5 25. exd6 Be6 26. f5 gxf5 27. Ng5 Qxb2 28. Bxf5 Bxf5 29. Qxf5 Qxd2 30. Qxf7+ Kh8 31. Rxe8+ Rxe8 32. Qxe8+ Bf8 33. Qxf8# 1-0


[Site "https://www.chess.com"]

[Event "Titled Tuesday Blitz February 15 Early 2022"]
[White "Senthil Maran K"]
[Black "Gracia Alvarez, Gerardo Antonio"]
[WhiteFideId "25035681"]
[BlackFideId "5109124"]
[WhiteElo "2194"]
[BlackElo "2139"]
[Result "1-0"]
[Round "09"]
[TimeControl "180+1"]
[Date "2022.02.15"]
[WhiteClock "0:00:52"]
[BlackClock "0:01:09"]

1. d4 Nf6 2. Nf3 g6 3. g3 Bg7 4. Bg2 O-O 5. O-O c5 6. c4 cxd4 7. Nxd4 d5 8. cxd5 Nxd5 9. Nb5 Be6 10. Nd4 Bc8 11. Nb5 Be6 12. N1c3 Nxc3 13. Nxc3 Nc6 14. Qa4 Qb6 15. Qb5 Qxb5 16. Nxb5 Rac8 17. Be3 a6 18. Nc3 Nd4 19. Bxd4 Bxd4 20. Bxb7 Rb8 21. Bxa6 Rxb2 22. Rac1 Bxc3 23. Rxc3 Rxa2 24. Bd3 Rfa8 25. f3 Ra1 26. Rxa1 Rxa1+ 27. Kf2 Kg7 28. Rc7 Kf6 29. h4 h5 30. Ke3 Ra5 31. Rc6 Kg7 32. Kf4 Bd5 33. Rb6 e5+ 34. Ke3 Be6 35. Rb7 Kf6 36. Rc7 Rc5 37. Rxc5 1-0


[Site "https://www.chess.com"]

[Event "Titled Tuesday Blitz February 15 Early 2022"]
[White "Sharapov, Evgeny"]
[Black "Kalajzic, Ivan"]
[WhiteFideId "14103133"]
[BlackFideId "14506378"]
[WhiteElo "2367"]
[BlackElo "2163"]
[Result "1-0"]
[Round "09"]
[TimeControl "180+1"]
[Date "2022.02.15"]
[WhiteClock "0:00:35"]
[BlackClock "0:00:15"]

1. e4 Nc6 2. d4 e5 3. d5 Nce7 4. c4 Nf6 5. Nc3 Ng6 6. Bd3 Bc5 7. Nge2 Ng4 8. Be3 Nxe3 9. fxe3 Bxe3 10. Ng3 d6 11. Qe2 Qg5 12. Nf1 Nf4 13. h4 Qg6 14. Qc2 Nxg2+ 15. Kd1 Bd4 16. Kc1 Ne3 17. Nxe3 Bxe3+ 18. Kb1 O-O 19. a3 Bd7 20. Ka2 Qh6 21. Qe2 f5 22. exf5 Bxf5 23. Bxf5 Rxf5 24. Ne4 Raf8 25. Rh3 Bd4 26. Rh2 Rf3 27. Rg2 Qe3 28. Qxe3 Rxe3 29. Ng5 h6 30. Ne6 Rf7 31. Rag1 Rh3 32. Rxg7+ Rxg7 33. Rxg7+ Kh8 34. Rxc7 Rh2 35. Nxd4 exd4 36. c5 dxc5 37. d6 Re2 38. d7 1-0


[Site "https://www.chess.com"]